 Dungeon Crawl Stone Soup version 0.29.1-2-gbd0b4ee654 (webtiles) character file.

Game seed: 12748809749191232085

53 leafyfresh the Gusty (level 3, -3/20 HPs)
             Began as a Tengu Air Elementalist on Nov 8, 2022.
             Killed from afar by Natasha (5 damage)
             ... with a magic dart
             ... on level 3 of the Dungeon.
             The game lasted 00:02:22 (2506 turns).

leafyfresh the Gusty (Tengu Air Elementalist)       Turns: 2506, Time: 00:02:23

Health: -3/20      AC:  2    Str:  8    XL:     3   Next: 87%
Magic:  2/7        EV: 12    Int: 17    God:
Gold:   230        SH:  0    Dex: 14    Spells: 3/6 levels left

rFire   . . .      SeeInvis .   k - +1 dagger (venom)
rCold   . . .      Faith    .   (no shield)
rNeg    . . .      Spirit   .   a - +0 robe
rPois   .          Reflect  .   (helmet restricted)
rElec   .          Harm     .   (no cloak)
rCorr   .          Rampage  .   (no gloves)
Will    .....                   (boots unavailable)
Stlth   ++........              (no amulet)
HPRegen 0.06/turn               (no ring)
MPRegen 0.10/turn               (no ring)

@: lethally poisoned (-3 -> -4), slowed, very slow
A: beak, talons 3
a: no special abilities


You were on level 3 of the Dungeon.
You visited 1 branch of the dungeon, and saw 3 of its levels.

You collected 230 gold pieces.

Inventory:

Hand Weapons
 i - a +0 whip
 k - a +1 dagger of venom (weapon)
Missiles
 d - 5 poisoned darts (quivered)
Armour
 a - a +0 robe (worn)
Wands
 m - a wand of iceblast (10)
 o - a wand of quicksilver (8)
Scrolls
 e - 5 scrolls of identify {unknown}
 f - 2 scrolls of poison {unknown}
 g - a scroll of noise {unknown}
 h - 2 scrolls of butterflies {unknown}
 l - a scroll of teleportation {unknown}
Potions
 b - a potion of magic
 c - 2 potions of curing {unknown}
 j - a potion of attraction {unknown}
 n - a potion of degeneration {unknown}


   Skills:
 + Level 1.0 Fighting
 - Level 2.1 Dodging
 - Level 2.0 Stealth
 - Level 2.0 Spellcasting
 + Level 2.1 Conjurations
 + Level 5.6 Air Magic


You had 3 spell levels left.
You knew the following spells:

 Your Spells              Type           Power      Damage    Failure   Level
a - Shock                 Conj/Air       56%        1d6       4%          1
b - Static Discharge      Conj/Air       14%        3-5/arc   6%          2

Your spell library contained the following spells:

 Spells                   Type           Power      Damage    Failure   Level
 Swiftness                Air            20%        N/A       5%          3
 Sublimation of Blood     Necr           1%         N/A       28%         2
 Wereblood                Tmut           1%         N/A       28%         2
 Airstrike                Air            10%        2d(2-18)  19%         4
 Summon Hydra             Summ           0%         N/A       100%        7


Dungeon Overview and Level Annotations

Branches:
Dungeon (3/15)

Altars:

Shops:
D:3 =

Annotations:
D:3 Natasha


Innate Abilities, Weirdness & Mutations

You have a beak for a mouth.
You have claws for feet.


Message History

The zap hits the orc.
You kill the orc!
The zap hits the adder.
The adder is heavily wounded.
Natasha casts a spell at you.
You feel yourself slow down.
Natasha wildly gestures.
Natasha glows brightly for a moment.
Natasha mumbles some strange words.
The adder attacks as you move away! The adder misses you. The adder bites you.
The adder attacks as you move away! The adder bites you.
You are poisoned.
The adder poisons you!
You feel very sick. The adder barely misses you.
You feel sick. The adder bites you.
Casting: Shock (safe; 4% risk of failure)
Confirm with . or Enter, or press ? or * to list all spells.
The adder is struck by an arc of lightning!
You kill the adder!
You are struck by an arc of lightning.
You feel sick.
The crimson imp grins evilly.
Casting: Static Discharge (safe; 6% risk of failure)
Confirm with . or Enter, or press ? or * to list all spells.
Natasha is struck by an arc of lightning.
Natasha is moderately wounded.
You are struck by an arc of lightning.
* * * LOW HITPOINT WARNING * * *
Natasha is struck by an arc of lightning!
Natasha is severely wounded.
You are struck by an arc of lightning.
* * * LOW HITPOINT WARNING * * *
The lightning grounds out.
* * * LOW HITPOINT WARNING * * *
You feel sick. Natasha closely misses you.
Natasha howls an incantation.
Natasha shimmers violently.
Natasha casts a spell at you. The magic dart hits you.
You die...

#.........
#......... .
#......... ..
##.........
#.###...>......
#..............
........######.
#.##.##..#####.#
#..@#.......#
###.h########
##.5####
##....####
#...#...#...
#..#.....#
#..#..∩..#
##$#..)..#
#..#...#...


You could see Natasha and a crimson imp (summoned).

Vanquished Creatures
  3 adders
  A dart slug (D:1)
  An orc (D:3)
  A bat (D:1)
  4 endoplasms
  2 hobgoblins (D:1)
  3 ball pythons (D:1)
  2 frilled lizards
  2 goblins
  4 kobolds
  3 rats (D:1)
26 creatures vanquished.

Vanquished Creatures (others)
  A plant (D:1)
1 creature vanquished.

Grand Total: 27 creatures vanquished

Notes
Turn   | Place    | Note
-------+----------+-------------------------------------------
     0 | D:1      | leafyfresh the Tengu Air Elementalist began the quest for
                  | the Orb.
     0 | D:1      | Reached XP level 1. HP: 10/10 MP: 4/4
   497 | D:1      | Reached XP level 2. HP: 15/15 MP: 3/6
   603 | D:1      | Found a faded altar of an unknown god.
   891 | D:1      | Reached skill level 5 in Air Magic
   906 | D:1      | Learned a level 2 spell: Static Discharge
  1300 | D:2      | Reached XP level 3. HP: 8/19 MP: 0/7
  1814 | D:2      | Reached skill level 1 in Fighting
  2487 | D:2      | You fall into a shaft and drop 1 floor!
  2492 | D:3      | Found Bumocol's One-of-a-Kind Rings.
  2498 | D:3      | Noticed Natasha
  2506 | D:3      | Killed from afar by Natasha

Illustrated notes

Levels and vault maps discovered:
D:1:      matt_arrival_los_fun, layout_basic,
          hellmonk_ecumenical_altar_defaced_shrine, serial_forest,
          infiniplex_forest_straight_2, infiniplex_forest_clump_curved,
          infiniplex_forest_lined_3, infiniplex_forest_end_2,
          infiniplex_forest_lined_room_2, infiniplex_forest_lined_room_3,
          infiniplex_forest_clump_large, kennysheep_decorative_pillar,
          minmay_three_crescents
D:2:      layout_loops_ring, dk_vineyard_1
D:3:      layout_rooms, nicolae_shop_unique_rings, uniq_natasha

Skill      XL: |  1  2  3 |
---------------+----------+-----
Air Magic      | 5 |  5.6
Conjurations   | 2 |  2.1
Fighting       | 1 |  1.0
Dodging        | |  2.1
Stealth        | |  2.0
Spellcasting   | |  2.0

Action                   || total
-------------------------++-------
Melee: Unarmed           ||     8
       Peck              ||     6
       Whip              ||    14
       Kick              ||     3
       Punch             ||     2
       Dagger            ||     3
 Cast: Shock             ||    36
       Static Discharge  ||     3
 Stab: Sleeping          ||     3
Armor: Robe              ||     3
Dodge: Dodged            ||    29
